 Dungeon Crawl Stone Soup version 0.24-a0-312-g16217b4 (webtiles) character file.

Game seed: 2265619618235110892

4 Chiseanne the Charmwright (level 1, 0/16 HPs)
             Began as a Demonspawn Wanderer on May 15, 2019.
             Slain by a kobold (4 damage)
             ... on level 1 of the Dungeon.
             The game lasted 00:00:42 (388 turns).

Chiseanne the Charmwright (Demonspawn Wanderer)      Turns: 388, Time: 00:00:43

Health: 0/16       AC:  3    Str: 10    XL:     1   Next: 50%
Magic:  1/1        EV: 11    Int: 16    God:
Gold:   29         SH:  0    Dex: 11    Spells: 0/0 levels left

rFire    . . .     SeeInvis .   a - +0 dagger
rCold    . . .     Gourm    .   (no shield)
rNeg     . . .     Faith    .   i - +0 leather armour
rPois    .         Spirit   .   (no helmet)
rElec    .         Reflect  .   (no cloak)
rCorr    .         Harm     .   (no gloves)
MR       .....                  (no boots)
Stlth    +.........             (no amulet)
HPRegen  0.05/turn              (no ring)
MPRegen  0.07/turn              (no ring)

@: no status effects
A: no striking features
a: no special abilities


You were on level 1 of the Dungeon.
You were not hungry.

You visited 1 branch of the dungeon, and saw 1 of its levels.

You collected 29 gold pieces.

Inventory:

Hand Weapons
 a - a +0 dagger (weapon)
Armour
 i - a +0 leather armour (worn)
Scrolls
 b - a scroll of fear
 c - a scroll of remove curse {unknown}
Potions
 d - a potion of lignification
 f - a potion of berserk rage
 h - a potion of mutation {unknown}
Comestibles
 g - 2 rations


   Skills:
 * Level 2.1 Fighting
 * Level 0.3 Dodging
 - Level 1.0 Stealth
   Level 1.0 Shields
 - Level 1.0 Unarmed Combat
 * Level 0.3 Spellcasting
   Level 2.6 Charms
   Level 2.0 Summonings


You couldn't memorise any spells.
You knew the following spells:

 Your Spells              Type           Power        Failure   Level  Hunger
a - Apportation           Tloc           #.....       34%         1    ##.....

Your spell library contained the following spells:

 Spells                   Type           Power        Failure   Level  Hunger
 Gell's Gravitas          Tloc           #.........   71%         3    ####...


Dungeon Overview and Level Annotations

Branches:
Dungeon (1/15)

Altars:


Message History

You hit the leopard gecko.
The leopard gecko is almost dead.
The leopard gecko bites you but does no damage. x2
You closely miss the leopard gecko.
The leopard gecko is almost dead.
The leopard gecko bites you.
You closely miss the leopard gecko.
The leopard gecko is almost dead.
The leopard gecko barely misses you.
You closely miss the leopard gecko.
The leopard gecko is almost dead.
The leopard gecko bites you.
* * * LOW HITPOINT WARNING * * *
You hit the leopard gecko.
You kill the leopard gecko!
You closely miss the kobold. The kobold barely misses you.
You hit the kobold.
The kobold is moderately wounded.
The kobold hits you.
You die...

####### ######## #.....##
#.......
##.###..##################.......
#.............[.@K...............
#.........################.......
#.........# #....... #.........#
#....... #.........# #.......
..........# #....... ..........#
..####g# #รท......... ... ..
##..#.....#


You could see a kobold.

Vanquished Creatures
  A leopard gecko (D:1)
  A hobgoblin (D:1)
  A rat (D:1)
3 creatures vanquished.

Notes
Turn   | Place    | Note
-------+----------+-------------------------------------------
     0 | D:1      | Chiseanne the Demonspawn Wanderer began the quest for the
                  | Orb.
     0 | D:1      | Chiseanne set off with the following items: a +0 dagger, a
                  | scroll of fear, a potion of lignification, a +0 robe, a
                  | potion of berserk rage, a ration; and the following spell
                  | memorised: Apportation; and the following spells available
                  | to memorise: Gell's Gravitas
     0 | D:1      | Reached XP level 1. HP: 16/16 MP: 1/1
   388 | D:1      | Slain by a kobold

Levels and vault maps discovered:
D:1:      psy_arrival_dodecagon, layout_rooms, kennysheep_boxes

Action                   || total
-------------------------++-------
Melee: Dagger            ||    36
Armor: Robe              ||     5
       Leather armour    ||     2
Dodge: Dodged            ||    16

Table legend:
 A = Non-vault XP
 B = Vault XP
 C = Vault XP percentage of total XP
 D = Non-vault monster count
 E = Vault monster count
 F = Vault count percentage of total count
                 A         B        C        D         E       F
            +---------+---------+-------+---------+---------+-------
      Total |       6 |       0 |   0.0 |       3 |       0 |   0.0
            +---------+---------+-------+---------+---------+-------
        D:1 |       6 |       0 |   0.0 |       3 |       0 |   0.0
            +---------+---------+-------+---------+---------+-------
